 Dungeon Crawl Stone Soup version 0.28.0-43-g3370ac3207 (webtiles) character file.

Game seed: 7034432806370959118

1575 Peloso the Slasher (level 8, -4/70 HPs)
             Began as a Minotaur Fighter on Mar 14, 2022.
             Killed from afar by Maggie (20 damage)
             ... with a bolt of fire
             ... on level 6 of the Dungeon.
             The game lasted 00:09:21 (5161 turns).

Peloso the Slasher (Minotaur Fighter)               Turns: 5161, Time: 00:09:21

Health: -4/70      AC: 15    Str: 20 (21) XL:     8   Next: 60%
Magic:  7/7        EV:  9    Int:  4 (5)  God:
Gold:   13         SH: 11    Dex: 10 (12) Spells: 7/7 levels left

rFire   . . .      SeeInvis +   a - +0 long sword
rCold   . . .      Faith    .   c - +2 kite shield
rNeg    . . .      Spirit   .   s - +1 scale mail "Taskac" {SInv}
rPois   .          Reflect  .   (helmet restricted)
rElec   .          Harm     .   j - +0 cloak
rCorr   +          Rampage  .   (no gloves)
Will    .....                   h - +0 pair of boots
Stlth   ..........              (no amulet)
HPRegen 0.21/turn               k - ring of resist corrosion
MPRegen 0.10/turn               l - +4 ring of protection

@: no status effects
A: horns 2, retaliatory headbutt
a: no special abilities


You were on level 6 of the Dungeon.
You visited 1 branch of the dungeon, and saw 6 of its levels.

You collected 310 gold pieces.
You spent 297 gold pieces at shops.

Inventory:

Hand Weapons
 a - a +0 long sword (weapon)
Armour
 b - a +0 scale mail
 c - a +2 kite shield (worn)
 h - a +0 pair of boots (worn)
 j - a +0 cloak (worn)
 s - the +1 scale mail "Taskac" (worn) {SInv}
   (You bought it in a shop on level 4 of the Dungeon)

   SInv:      It lets you see invisible.
Jewellery
 k - a ring of resist corrosion (left hand)
 l - a +4 ring of protection (right hand)
Wands
 i - a wand of paralysis (1)
Scrolls
 e - 2 scrolls of teleportation {unknown}
 f - 9 scrolls of identify {unknown}
 m - a scroll of blinking {unknown}
 n - 2 scrolls of enchant armour {unknown}
 o - a scroll of immolation {unknown}
Potions
 d - a potion of degeneration
 q - a potion of mutation {unknown}
 r - a potion of might


   Skills:
 + Level 5.9 Fighting
 + Level 7.5 Long Blades
 + Level 6.9 Armour
 + Level 2.7 Dodging
 + Level 1.5 Stealth
 + Level 7.2 Shields
 + Level 1.2 Evocations


You had 7 spell levels left.
You didn't know any spells.
Your spell library contained the following spells:

 Spells                   Type           Power      Damage    Failure   Level
 Slow                     Hex            0%         N/A       98%         1
 Blink                    Tloc           0%         N/A       99%         2
 Ensorcelled Hibernation  Hex/Ice        0%         N/A       99%         2
 Passwall                 Tmut/Erth      0%         N/A       99%         2
 Sublimation of Blood     Necr           0%         N/A       99%         2
 Confusing Touch          Hex            0%         N/A       100%        3
 Lesser Beckoning         Tloc           0%         N/A       100%        3
 Swiftness                Air            0%         N/A       100%        3
 Vampiric Draining        Necr           0%         2d6       100%        3
 Petrify                  Tmut/Erth      0%         N/A       100%        4
 Irradiate                Conj/Tmut      0%         3d14      100%        5
 Manifold Assault         Tloc           0%         N/A       100%        5


Dungeon Overview and Level Annotations

Branches:
Dungeon (6/15)
 Temple: D:4-7

Altars:
Qazlal
Yredelemnul

Shops:
D:4 [   D:5 :

Annotations:
D:6 Maggie


Innate Abilities, Weirdness & Mutations

You have a pair of horns on your head.
You reflexively headbutt those who attack you in melee.


Message History

The plant is engulfed in a cloud of scalding steam.
You block Maggie's attack.
The bullfrog zombie is engulfed in a cloud of scalding steam.
The bullfrog zombie barely misses you.
Unknown command.
You hit Maggie but do no damage.
Maggie is severely wounded.
An adder comes into view.
You block the bullfrog zombie's attack.
Maggie points at you and mumbles some strange words.
The bolt of fire hits you!
The adder moves out of view.
You closely miss Maggie. You headbutt Maggie, but do no damage.
Maggie is severely wounded.
A nearby plant withers and dies.
You block the bullfrog zombie's attack. Maggie gestures at you while chanting.
The bolt of fire hits you!!
* * * LOW HITPOINT WARNING * * *
You block the bullfrog zombie's attack.
It was a potion of curing.
You feel better.
You break out of your daze.
Maggie hits you but does no damage. The bullfrog zombie hits you.
* * * LOW HITPOINT WARNING * * *
It was a potion of degeneration.
There was something very wrong with that liquid.
You feel weakened.
You feel dopey.
You feel clumsy.
The sentinel's mark upon you fades away.
You block the bullfrog zombie's attack. Maggie hits you with a +0 war axe!
* * * LOW HITPOINT WARNING * * *
The bullfrog zombie hits you but does no damage.
You feel better. Maggie hits you with a +0 war axe.
* * * LOW HITPOINT WARNING * * *
The bullfrog zombie hits you but does no damage.
You barely miss Maggie. You headbutt Maggie, but do no damage.
Maggie is severely wounded.
Maggie misses you. You furiously retaliate!
You headbutt Maggie.
The bullfrog zombie hits you but does no damage.
The adder bites you but does no damage. Maggie casts a spell at you.
The bolt of fire hits you!!
You die...

. ♣≈≈.≈≈≈≈≈P . . ##
♣♣≈≈.≈≈≈≈≈≈ .
..#P♣♣♣≈≈≈.≈≈≈≈≈≈ .
P≈P≈≈≈≈≈≈≈.≈≈≈≈≈P
≈≈P≈≈≈≈≈≈≈.≈≈≈≈≈♣
≈≈≈≈≈≈≈≈≈≈.≈≈P≈♣ .
.........:..≈≈♣ ≈
P≈≈≈≈≈≈≈Z≈..♣♣# ≈
♣♣♣≈≈≈≈♣@@..# ##### ≈
♣≈♣♣♣≈.S..###...### .
.. ♣≈≈.....#E#...#E# .
.....##.....###...####
P
.........##..........#
......##.##....._....#
$..... #.###.........#
..... #.# ####...####
#.... #.# #E#...#E####


You could see Maggie, an adder and a bullfrog zombie.

Vanquished Creatures
  Sigmund (D:2)
  Edmund (D:4)
  A water moccasin (D:3)
  An ogre (D:5)
  A centaur (D:6)
  A phantom (D:6)
  2 bullfrogs
  3 scorpions (D:5)
  A water moccasin zombie (D:6)
  5 electric eels (D:6)
  A centaur zombie (D:6)
  3 bullfrog zombies (D:6)
  Crazy Yiuf (D:2)
  2 hounds (D:5)
  3 orc wizards
  A howler monkey zombie (D:5)
  7 adders
  A shadow imp (D:5)
  A worm (D:2)
  7 orcs
  A bat (D:2)
  7 endoplasms
  A giant cockroach (D:3)
  4 goblins
  3 hobgoblins
  A quokka (D:2)
  7 ball pythons
  2 ball python zombies (D:3)
  5 frilled lizards
  7 kobolds
  6 rats
88 creatures vanquished.

Vanquished Creatures (others)
  21 plants (D:6)
  3 toadstools (D:3)
24 creatures vanquished.

Grand Total: 112 creatures vanquished

Notes
Turn   | Place    | Note
-------+----------+-------------------------------------------
     0 | D:1      | Peloso the Minotaur Fighter began the quest for the Orb.
     0 | D:1      | Reached XP level 1. HP: 19/19 MP: 0/0
   208 | D:1      | Reached XP level 2. HP: 27/27 MP: 1/1
   550 | D:2      | Noticed Sigmund
   553 | D:2      | Reached XP level 3. HP: 33/33 MP: 2/2
   975 | D:3      | Noticed a water moccasin
   983 | D:3      | Killed a water moccasin
   984 | D:3      | Reached XP level 4. HP: 12/41 MP: 3/3
   984 | D:3      | Reached XP level 5. HP: 14/47 MP: 4/4
  1777 | D:3      | Found a basalt altar of Yredelemnul.
  1883 | D:4      | Noticed Edmund
  1900 | D:4      | Killed Edmund
  1901 | D:4      | Reached skill level 5 in Armour
  1901 | D:4      | Reached skill level 1 in Stealth
  1901 | D:4      | Reached XP level 6. HP: 22/53 MP: 5/5
  2214 | D:4      | Found Ygraas's Antique Armour Emporium.
  2402 | D:5      | Entered Level 5 of the Dungeon
  2494 | D:5      | Reached skill level 5 in Long Blades
  2494 | D:5      | Reached skill level 1 in Dodging
  2494 | D:5      | Reached skill level 5 in Shields
  2511 | D:5      | Reached skill level 5 in Fighting
  2516 | D:5      | Reached XP level 7. HP: 17/61 MP: 6/6
  2803 | D:5      | Found Otebbep's Book Shop.
  3181 | D:2      | Found a runed translucent door.
  3182 | D:2      | Noticed Crazy Yiuf
  3289 | D:2      | Killed Sigmund
  3704 | D:2      | Killed Crazy Yiuf
  4494 | D:6      | Reached XP level 8. HP: 63/69 MP: 7/7
  4535 | D:4      | Bought a spiked scale mail for 297 gold pieces
  4535 | D:4      | Identified the +1 scale mail "Taskac" {SInv} (You bought it
                  | in a shop on level 4 of the Dungeon)
  5086 | D:6      | Noticed an air elemental
  5090 | D:6      | Found a stormy altar of Qazlal.
  5138 | D:6      | Reached skill level 1 in Evocations
  5147 | D:6      | Noticed Maggie
  5161 | D:6      | Killed from afar by Maggie

Illustrated notes

Levels and vault maps discovered:
D:1:      psy_arrival_dodecagon, layout_basic
D:2:      layout_basic, uniq_crazy_yiuf_cottage, uniq_sigmund
D:3:      layout_basic, lemuel_zombie_altar_yredelemnul,
          minmay_gold_behind_fungi
D:4:      layout_rooms, serial_shops, shop, uniq_edmund
D:5:      layout_rooms, serial_shops, nicolae_lakefront_shop
D:6:      layout_cave_pools, nicolae_qazlal_style_of_elements, serial_bayou,
          serial_bayou_lagoon_a, serial_bayou_crossing, serial_bayou_pond_c,
          serial_bayou_pond_b, serial_bayou_ford_a, serial_bayou_lagoon_b,
          uniq_maggie

Skill      XL: |  1  2  3  4  5  6  7  8 |
---------------+-------------------------+-----
Fighting       | 4 5 |  5.9
Armour         | 4 5 6 |  6.9
Shields        | 4 5 6 7 |  7.2
Long Blades    | 3 4 5 6 7 |  7.5
Stealth        | 1 |  1.5
Dodging        | 1 2 |  2.7
Evocations     | 1 |  1.2

Action                   |  1- 3 |  4- 6 |  7- 9 || total
-------------------------+-------+-------+-------++-------
Melee: Long sword        |    61 |    81 |   129 ||   271
       Headbutt          |     3 |    16 |    25 ||    44
Evoke: Wand              |       |       |    11 ||    11
  Use: Potion            |     1 |       |     3 ||     4
Armor: Scale mail        |    39 |    28 |    85 ||   152
Dodge: Dodged            |    35 |    34 |    49 ||   118
Block: Buckler           |    15 |     2 |       ||    17
       Kite shield       |       |    51 |    97 ||   148
